 Dungeon Crawl Stone Soup version 0.30.0-29-ga12c61a403 (webtiles) character file.

Game seed: 8283920917187227717

17 hawla the Firebug (level 3, 0/27 HPs)
             Began as a Meteoran Fire Elementalist on June 9, 2023.
             Slain by an orc
             ... wielding a +1 whip of freezing
              (2 damage)
             ... on level 4 of the Dungeon.
             The game lasted 00:02:01 (351 turns).

hawla the Firebug (Meteoran Fire Elementalist)       Turns: 351, Time: 00:02:02

Health: 0/27       AC:  2    Str: 10    XL:     3   Next: 2%
Magic:  8/8        EV: 12    Int: 18    God:
Gold:   66         SH:  0    Dex: 14    Spells: 5/8 levels left

rFire   . . .        e - +0 mace
rCold   . . .        (no shield)
rNeg    . . .        a - +0 robe
rPois   .            (no helmet)
rElec   .            (no cloak)
rCorr   .            (no gloves)
SInv    .            (no boots)
Will    .....        (no amulet)
Stlth   +            (no ring)
HPRegen 0.24/turn    (no ring)
MPRegen 0.11/turn

%: no passive effects
@: lethally poisoned (0 -> -4), glowing
A: sense surroundings 1, otherworldly, glowing, explore regen
a: no special abilities


You were on level 4 of the Dungeon.
You visited 1 branch of the dungeon, and saw 4 of its levels.

You collected 66 gold pieces.

Inventory:

Hand Weapons
 e - a +0 mace (weapon)
Armour
 a - a +0 robe (worn)
Potions
 b - a potion of magic
 d - a potion of curing


   Skills:
 + Level 0.3 Fighting
 + Level 2.4 Dodging
 - Level 1.4 Stealth
 + Level 3.0 Spellcasting
 + Level 1.4 Conjurations
 + Level 4.3 Fire Magic


You had 5 spell levels left.
You knew the following spells:

 Your Spells              Type           Power      Damage    Failure   Level
a - Foxfire               Conj/Fire      52%        2x1d6     4%          1
b - Scorch                Fire           36%        2d6       4%          2

Your spell library contained the following spells:

 Spells                   Type           Power      Damage    Failure   Level
 Inner Flame              Hex/Fire       10%        N/A       21%         3
 Volatile Blastmotes      Fire/Tloc      20%        2d11      21%         3
 Flame Wave               Conj/Fire      13%        2d6       45%         4


Dungeon Overview and Level Annotations

Branches:
Dungeon (4/15) Zot: 2048
 Temple: D:4-7

Altars:


Innate Abilities, Weirdness & Mutations

You passively map a small area around you.
You are easily found by Zot.
You glow in the dark.
You regain HP and MP as you explore.


Message History

You have reached level 3!
Your experience leads to an increase in your attributes!
Increase (S)trength, (I)ntelligence, or (D)exterity?
You feel clever. x2; You feel stronger.
Found a stone staircase leading up.
There is a stone staircase leading up here.
Found a stone staircase leading up.
There is a stone staircase leading up here.
An orc comes into view. It is wielding a +1 whip of freezing.
An orc comes into view. It is wielding a +0 falchion.
The orc shouts! x2; You hear a shout!
You hear an angry hiss.
An orc comes into view. It is wielding a +0 flail.
An adder, a dart slug and 2 orcs come into view.
The adder hisses angrily.
The orc shouts! x3
Found a stone staircase leading down.
The adder bites you.
You are poisoned.
The adder poisons you! The dart slug launches a dart at you.
The slug dart misses you.
You barely miss the adder.
You feel sick. The adder bites you.
You are more poisoned.
The adder poisons you! The adder bites you but does no damage.
The orc hits you with a +1 whip of freezing.
The orc freezes you.
You closely miss the adder.
You feel sick. The adder bites you but does no damage.
The orc hits you with a +0 falchion!
* * * LOW HITPOINT WARNING * * *
The orc hits you with a +1 whip of freezing.
* * * LOW HITPOINT WARNING * * *
The orc freezes you.
* * * LOW HITPOINT WARNING * * *
The adder bites you.
* * * LOW HITPOINT WARNING * * *
As you read the scroll labelled MEOD SYRYOTZ, it crumbles to dust.
It is a scroll of identify.
d - a potion of curing
* * * LOW HITPOINT WARNING * * *
You feel sick.
The orc hits you with a +1 whip of freezing.
You die...

, ** #. ##..### #. ,
....... #. ....... ,,
#########. .......*
........#. .......
######.#. , ....w.o *
#........ *,
>...!.S#########.####...
....!oo@.........# ####
......o########### *
,......o * #######


You could see an adder, a dart slug and 5 orcs.

Vanquished Creatures
  2 ball pythons
  4 endoplasms
  4 hobgoblins
  2 bats
  A frilled lizard (D:3)
  A kobold (D:1)
  A rat (D:1)
15 creatures vanquished.

Vanquished Creatures (others)
  44 foxfires
44 creatures vanquished.

Grand Total: 59 creatures vanquished

Notes
Turn   | Place    | Note
-------+----------+-------------------------------------------
     0 | D:1      | hawla the Meteoran Fire Elementalist began the quest for
                  | the Orb.
     0 | D:1      | Reached XP level 1. HP: 14/14 MP: 5/5
    88 | D:1      | Reached XP level 2. HP: 20/20 MP: 4/6
   141 | D:2      | Reached skill level 4 in Fire Magic
   237 | D:3      | Learned a level 2 spell: Scorch
   314 | D:4      | Reached XP level 3. HP: 27/27 MP: 4/8
   351 | D:4      | Slain by an orc

Illustrated notes

Levels and vault maps discovered:
D:1:      minmay_arrival_arboretum_small, layout_loops_corners,
          chequers_ecumenical_altar_island
D:2:      layout_basic, serial_shops, nicolae_shop_bloodbath_and_beyond,
          kennysheep_crisscross, kennysheep_nub, minmay_hedge_maze,
          uniq_sigmund, uniq_robin
D:3:      layout_rooms, chequers_serial_rivers_large_a, minmay_door_square,
          minmay_misc_feat_x
D:4:      layout_loops_ring, serial_shops, nicolae_shop_trees

Skill      XL: |  1  2 |
---------------+-------+-----
Spellcasting   | 3 |  3.0
Fire Magic     | 4 |  4.3
Fighting       | |  0.3
Dodging        | |  2.4
Stealth        | |  1.4
Conjurations   | |  1.4

Action                     || total
---------------------------++-------
  Melee: Unarmed           ||     5
         Mace              ||     2
   Cast: Foxfire           ||    28
         Scorch            ||     1
    Use: Scroll            ||     1
 Armour: Robe              ||     5
  Dodge: Dodged            ||     8
